 Dungeon Crawl Stone Soup version 0.31-a0-981-geadf994542 (webtiles) character file.

Game seed: 14393814212653067926

102 Whiskey the Changeling (level 4, -3/22 HPs)
             Began as an Octopode Shapeshifter on Nov 2, 2023.
             Slain by Terence
             ... wielding a +0 trident
              (10 damage)
             ... on level 3 of the Dungeon.
             The game lasted 00:03:03 (2014 turns).

Whiskey the Changeling (Octopode Shapeshifter)      Turns: 2014, Time: 00:03:04

Health: -3/22      AC:  1    Str: 15    XL:     4   Next: 78%
Magic:  4/4        EV: 13    Int: 12    God:
Gold:   114        SH:  0    Dex: 11    Spells: 3/3 levels left

rFire   . .          .
                       - Unarmed
rCold   . . .        (shield currently unavailable)
rNeg    . . .        (helmet restricted)
rPois   .            (no amulet)
rElec   .            (no ring)
rCorr   .            (no ring)
SInv    .            (no ring)
Will    .....        (no ring)
Stlth   +            (no ring)
HPRegen 0.23/turn    (no ring)
MPRegen 0.09/turn    (no ring)
                     (no ring)

%: no passive effects
@: flux-form, glowing
A: glow, contaminating, reduced hp, almost no armour, amphibious, 8 rings,
camouflage 1, gelatinous body 1, (nimble swimmer 1), tentacles
a: Begin Untransformation


You were on level 3 of the Dungeon.
You were something dangerously unstable.
You visited 1 branch of the dungeon, and saw 3 of its levels.

You collected 114 gold pieces.

Inventory:

Jewellery
 e - an amulet of faith {Faith, !P}
   (You took it off a hobgoblin on level 2 of the Dungeon)
Talismans
 b - a beast talisman
 c - a flux talisman (active)
Scrolls
 d - 2 scrolls of amnesia {unknown}
 f - 6 scrolls of identify {unknown}
 h - a scroll of teleportation {unknown}
 i - a scroll of poison {unknown}
Potions
 a - a potion of lignification {!q}
 g - 2 potions of haste {unknown}
 j - 2 potions of heal wounds {unknown}


   Skills:
 + Level 1.1 Fighting
 - Level 2.0 Dodging
 + Level 3.0 Unarmed Combat
 * Level 4.9 Shapeshifting


You had 3 spell levels left.
You didn't know any spells.
Your spell library contained the following spells:

 Spells                   Type           Power      Damage    Failure   Level
 Sandblast                Erth           0%         2d4       32%         1
 Blink                    Tloc           0%         N/A       45%         2
 Lesser Beckoning         Tloc           0%         N/A       45%         2
 Momentum Strike          Conj/Tloc      0%         3d8       45%         2
 Passwall                 Tmut/Erth      0%         N/A       45%         2
 Stone Arrow              Conj/Erth      0%         3d7       69%         3
 Brom's Barrelling Bould  Conj/Erth      0%         2d3       97%         4


Dungeon Overview and Level Annotations

Branches:
Dungeon (3/15)

Altars:
Wu Jian

Annotations:
D:3 Terence


Innate Abilities, Weirdness & Mutations

You are something dangerously unstable.
You glow with magical radiation, making you easy to see and hit.
Foes you strike become dangerously contaminated with magical radiation.
Your maximum health is decreased, since you lack skill for your form.
You are incapable of wielding weapons or throwing items.
You cannot wear most types of armour.
You are amphibious.
You can wear up to eight rings at the same time.
Your skin changes colour to match your surroundings (Stealth+).
Your rubbery body absorbs attacks. (AC +1, EV +1)
((You are camouflaged when in or above water. (Stealth+)))
You have tentacles for arms and can constrict up to eight enemies at once.


Message History

The ball python constricts you.
You escape the ball python's grasp.
The ball python attacks as it pursues you!
The ball python misses you. The ball python grabs you.
The ball python constricts you.
You escape the ball python's grasp.
The ball python closely misses you. The ball python barely misses you.
The ball python attacks as it pursues you!
The ball python misses you. The ball python grabs you.
The ball python constricts you. The ball python barely misses you.
The ball python constricts you.
You take 1 damage, and have 9/28 hp.
You escape the ball python's grasp.
The ball python attacks as it pursues you!
The ball python bites you but does no damage.
The ball python closely misses you. The ball python bites you.
The ball python grabs you. The ball python constricts you.
You take 1 damage, and have 9/28 hp.
You escape the ball python's grasp.
Terence says, "Rest in peace."
The ball python attacks as it pursues you!
The ball python barely misses you. x2
The ball python attacks as it pursues you!
The ball python barely misses you. The ball python grabs you.
The ball python constricts you.
You take 1 damage, and have 9/28 hp.
You escape the ball python's grasp.
The ball python attacks as it pursues you!
The ball python bites you. The ball python grabs you.
The ball python constricts you.
You take 1 damage, and have 9/28 hp.
You escape the ball python's grasp.
The ball python attacks as it pursues you!
The ball python closely misses you. x2
The ball python attacks as it pursues you!
The ball python bites you. The ball python grabs you.
The ball python constricts you.
You take 1 damage, and have 9/28 hp.
You escape the ball python's grasp.
There is a stone staircase leading up here.
The ball python misses you. The ball python grabs you.
You stop ascending the stairs.
The ball python constricts you.
You escape the ball python's grasp.
The ball python bites you.
* * * LOW HITPOINT WARNING * * *
The ball python misses you.
You climb upwards.
There is a stone staircase leading down here.
You take 2 damage, and have 7/28 hp.
You are too injured to fight recklessly!
You tentacle-slap the ball python. Your grab misses the ball python.
The ball python barely misses you. The ball python closely misses you.
You tentacle-slap the ball python.
You kill the ball python!
You start resting.
Health restored: 28
There is a stone staircase leading down here.
Okay, then.
You begin transforming.
You continue transforming. x3
Your transformation has ended.
You turn into something dangerously unstable.
You take 6 damage, and have 22/22 hp.
MASSIVE DAMAGE!!
You climb downwards.
Level annotation: Terence
There is a stone staircase leading up here.
Terence closely misses you. Terence misses you.
You closely miss Terence. You grab Terence. You squeeze Terence.
You constrict Terence, but do no damage.
Terence hits you with a +0 trident!
Ouch! That really hurt!
You take 11 damage, and have 11/22 hp.
MASSIVE DAMAGE!!
You are too injured to fight recklessly!
You are too injured to fight recklessly!
You are too injured to fight recklessly!
You are too injured to fight recklessly!
You are too injured to fight recklessly!
You are too injured to fight recklessly!
You are too injured to fight recklessly!
You are too injured to fight recklessly!
You are too injured to fight recklessly!
You are too injured to fight recklessly!
You are too injured to fight recklessly!
You are too injured to fight recklessly!
You are too injured to fight recklessly!
You are too injured to fight recklessly!
You are too injured to fight recklessly!
You are too injured to fight recklessly!
You are too injured to fight recklessly!
You are too injured to fight recklessly!
You tentacle-slap Terence but do no damage.
Terence begins to glow.
You squeeze Terence.
You constrict Terence, but do no damage.
Terence hits you with a +0 trident.
* * * LOW HITPOINT WARNING * * *
You take 5 damage, and have 6/22 hp.
MASSIVE DAMAGE!!
You tentacle-slap Terence.
Terence glows dangerously bright.
You constrict Terence, but do no damage.
Terence hits you with a +0 trident!
You die...

.....##.##......####....########
.....##.##......#...@..........#
.....##.##......#.###..........#
.....##.##......#.#
#..........##
##.......#######..#
#............ ###...#########.##
#..........##
#............<#.####..........#
#....###...........####.......#
#.........>.##.p...# #.......#
##############..@..# #.......#
#.....# #.......# #######
#.......# ##.###### #.#######
#...@.... ############
#.........$#


You could see Terence (heavy contam).

Vanquished Creatures
  4 adders (D:2)
  2 worms
  A dart slug (D:3)
  An orc (D:3)
  4 endoplasms
  A giant cockroach (D:2)
  7 goblins
  10 hobgoblins
  8 jackals (D:1)
  A kobold (D:1)
  2 quokkas
  3 ball pythons
  2 bats
  2 frilled lizards
  3 rats
51 creatures vanquished.

Notes
Turn   | Place    | Note
-------+----------+-------------------------------------------
     0 | D:1      | Whiskey the Octopode Shapeshifter began the quest for the
                  | Orb.
     0 | D:1      | Reached XP level 1. HP: 13/13 MP: 1/1
   137 | D:1      | Reached XP level 2. HP: 13/18 MP: 2/2
   270 | D:1      | Reached XP level 3. HP: 9/23 MP: 3/3
   276 | D:1      | Reached skill level 4 in Shapeshifting
   680 | D:2      | Reached XP level 4. HP: 23/28 MP: 4/4
   852 | D:2      | Found an ornate altar of the Wu Jian Council.
  1867 | D:3      | Noticed Terence
  1873 | D:3      | HP: 7/28 [Terence/+0 trident (9)]
  1913 | D:3      | HP: 6/28 [ball python (3)]
  2014 | D:3      | Slain by Terence

Illustrated notes

Levels and vault maps discovered:
D:1:      psy_arrival_spokes, layout_rooms
D:2:      layout_loops_cross, basic_altar
D:3:      layout_basic, small_statue_intersection, hex_medium, uniq_terence

Skill      XL: |  1  2  3 |
---------------+----------+-----
Shapeshifting  | 4 |  4.9
Fighting       | |  1.1
Dodging        | |  2.0
Unarmed Combat | |  3.0

Action                     |  1- 3 |  4- 6 || total
---------------------------+-------+-------++-------
  Melee: Unarmed           |    58 |    53 ||   111
         Constrict         |    16 |    12 ||    28
         Tentacles         |     9 |    14 ||    23
         Punch             |     6 |     1 ||     7
   Stab: Sleeping          |     3 |     3 ||     6
 Armour: Skin              |    30 |    22 ||    52
  Dodge: Dodged            |    53 |    47 ||   100
   Form: Flux              |       |     1 ||     1

Table legend: (Time is in decaauts)
 A = Elapsed time spent in this place.
 B = Non-inter-level travel time spent in this place.
 C = Inter-level travel time spent in this place.
 D = Time resting spent in this place.
 E = Time spent auto-exploring this place.
 F = Levels seen in this place.
 G = Mean time per level.
                   A        B        C        D        E       F      G
               +--------+--------+--------+--------+--------+-----+--------+
         Total |   2008 |   1972 |     36 |    128 |   1483 |   3 |  669.3 |
       Dungeon |   2008 |   1972 |     36 |    128 |   1483 |   3 |  669.3 |
               +--------+--------+--------+--------+--------+-----+--------+

Top non-repeatable levels by time:
     D:2: 804 daAuts
     D:3: 650 daAuts
     D:1: 553 daAuts

Levels and vault maps discovered:
D:1:      psy_arrival_spokes, layout_rooms
D:2:      layout_loops_cross, basic_altar
D:3:      layout_basic, small_statue_intersection, hex_medium, uniq_terence

Table legend: (Time is in decaauts)
 A = Elapsed time spent in this place.
 B = Non-inter-level travel time spent in this place.
 C = Inter-level travel time spent in this place.
 D = Time resting spent in this place.
 E = Time spent auto-exploring this place.
 F = Levels seen in this place.
 G = Mean time per level.
                   A        B        C        D        E       F      G
               +--------+--------+--------+--------+--------+-----+--------+
         Total |   2008 |   1972 |     36 |    128 |   1483 |   3 |  669.3 |
       Dungeon |   2008 |   1972 |     36 |    128 |   1483 |   3 |  669.3 |
               +--------+--------+--------+--------+--------+-----+--------+

Top non-repeatable levels by time:
     D:2: 804 daAuts
     D:3: 650 daAuts
     D:1: 553 daAuts

Table legend:
 A = Kills in this place as a percentage of kills in the entire game.
 B = Kills by you in this place as a percentage of kills by you in the entire game.
 C = Kills by friends in this place as a percentage of kills by friends in the entire game.
 D = Other kills in this place as a percentage of other kills in the entire game.
 E = Experience gained in this place as a percentage of experience gained in the entire game.
 F = Experience gained in this place divided by the number of levels of this place that you have seen.
                   A       B       C       D       E      F
               +-------+-------+-------+-------+-------+----------------------
         Total | 100.0 | 100.0 |   N/A |   N/A | 100.0 |  49.0
       Dungeon | 100.0 | 100.0 |   N/A |   N/A | 100.0 |  49.0
               +-------+-------+-------+-------+-------+----------------------
